 Dungeon Crawl Stone Soup version 0.19-a0-1886-gd64a0f0 (webtiles) character file.

618426 Minion the Axe Maniac (level 26, -21/262 (266) HPs)
             Began as a Minotaur Fighter on Oct 15, 2016.
             Was a High Priest of the Shining One.
             Demolished by an iron giant
             ... wielding a +0 giant club
              (26 damage)
             ... on level 7 of the Iron City of Dis.
             The game lasted 05:26:46 (73183 turns).

Minion the Axe Maniac (Minotaur Fighter)           Turns: 73183, Time: 05:26:47

HP:   -21/262 (266) AC: 40    Str: 30    XL:     26   Next: 96%
MP:   15/34         EV:  2    Int: 17    God:    the Shining One [*****.]
Gold: 1879          SH:  0    Dex:  9    Spells: 2 memorised, 7 levels left

rFire  + . .     SeeInvis .     E - +4 executioner's axe of Youthful Indiscretion {holy, MR+}
rCold  + + +     Gourm    .     p - +7 plate armour "Rautam" {rC++ Regen+ Stlth-}
rNeg   + + +     Faith    .     (shield currently unavailable)
rPois  ∞         Spirit   .     (helmet restricted)
rElec  +         Dismiss  .     z - +2 cloak of the Sailor {rPois Str-5 Int+7 Slay+6}
rCorr  .         Reflect  .     C - +2 pair of gloves {Str+3}
MR     ++++.     Harm     .     M - +2 pair of boots {run}
Stlth  ..........               m - amulet of regeneration
                                X - ring "Bozalak" {rElec rF+ rC+}
                                K - ring of Mokiffits {MR++ Int+5}

@: petrified, glowing, quick
A: retaliatory headbutt, horns 2, clumsy 1
a: Divine Shield, Cleansing Flame, Summon Divine Warrior, Renounce Religion
}: 3/15 runes: decaying, serpentine, abyssal


You were on level 7 of the Iron City of Dis.
You worshipped the Shining One.
The Shining One was extremely pleased with you.
You were not hungry.

You visited 11 branches of the dungeon, and saw 56 of its levels.
You visited the Abyss 1 time.

You collected 5407 gold pieces.
You spent 3528 gold pieces at shops.

Inventory:

Hand Weapons
 E - the +4 executioner's axe of Youthful Indiscretion (weapon) {holy, MR+}
   (You took it off a naga ritualist on level 4 of the Snake Pit)

   It has been blessed by the Shining One to cause great damage to the undead
   and demons.
   It affects your resistance to hostile enchantments.
Armour
 p - the +7 plate armour "Rautam" (worn) {rC++ Regen+ Stlth-}
   (You bought it in a shop on level 1 of the Depths)

   It greatly protects you from cold.
   It increases your rate of regeneration.
   It makes you less stealthy.
 z - the +2 cloak of the Sailor (worn) {rPois Str-5 Int+7 Slay+6}
   (You acquired it on level 4 of the Lair of Beasts)

   It affects your strength (-5).
   It affects your intelligence (+7).
   It affects your accuracy and damage with ranged weapons and melee attacks
   (+6).
   It protects you from poison.
 C - a +2 pair of gloves of strength (worn)
 M - a +2 pair of boots of running (worn)
Jewellery
 m - an amulet of regeneration (around neck)
 y - the ring "Okizxass" {*Slow rF+ Int+4}
   (You found it on level 5 of the Depths)

   [ring of protection from fire]

   It affects your intelligence (+4).
   It protects you from fire.
   It may slow you when you take damage.
 B - an uncursed amulet of the gourmand
 K - the ring of Mokiffits (left hand) {MR++ Int+5}
   (You found it on level 5 of the Depths)

   [ring of intelligence]

   It affects your intelligence (+5).
   It affects your resistance to hostile enchantments.
 V - a +4 ring of dexterity
 X - the ring "Bozalak" (right hand) {rElec rF+ rC+}
   (You bought it in a shop on level 2 of the Depths)

   [ring of protection from cold]

   It protects you from fire.
   It protects you from cold.
   It insulates you from electricity.
Wands
 N - a wand of heal wounds (5/9)
 Z - a wand of digging (9/24)
Scrolls
 c - 19 scrolls of identify
 e - 14 scrolls of remove curse
 n - 7 scrolls of enchant weapon
 o - 5 scrolls of recharging
 q - 9 scrolls of amnesia
 s - 13 scrolls of teleportation
 t - 3 scrolls of brand weapon
 v - 2 scrolls of silence
 w - 3 scrolls of blinking
 x - 12 scrolls of magic mapping
 A - 7 scrolls of fear
 D - 6 scrolls of enchant armour
 H - a scroll of summoning
 R - 6 scrolls of fog
Potions
 b - a potion of cure mutation
 d - 5 potions of might
 h - 5 potions of curing
 i - a potion of beneficial mutation
 j - 3 potions of ambrosia
 k - 2 potions of agility
 r - 7 potions of haste
 u - 2 potions of berserk rage
 F - 4 potions of lignification
 G - a potion of mutation
 I - 7 potions of brilliance
 J - a potion of flight
 L - 6 potions of magic
 O - 2 potions of cancellation
 P - 3 potions of resistance
Miscellaneous
 Q - the horn of Geryon
Comestibles
 a - 12 beef jerkies
 f - 16 bread rations
 g - 9 fruits
 l - 20 meat rations


   Skills:
 O Level 27 Fighting
 O Level 27 Axes
 - Level 24.3 Armour
 * Level 22.7 Dodging
   Level 3.6 Shields
 - Level 16.0 Invocations


You had 7 spell levels left.
You knew the following spells:

 Your Spells              Type           Power        Failure   Level  Hunger
a - Shatter               Erth           #.........   100%        9    #######
b - Tornado               Air            #.........   100%        9    #######


Dungeon Overview and Level Annotations

Branches:
Dungeon (15/15)            Temple (1/1) D:4            Lair (6/6) D:9
  Swamp (4/4) Lair:3        Snake (4/4) Lair:4        Slime (0/5) Lair:6
    Orc (2/2) D:9             Elf (0/3) Orc:2        Vaults (4/5) D:14
  Crypt (0/3) Vaults:3     Depths (5/5) D:15           Hell (1/1)
    Dis (7/7) Hell            Geh (0/7) Hell            Coc (7/7) Hell
    Tar (0/7) Hell            Zot (0/5) Depths:5

Altars:
Ashenzari
Cheibriados
Dithmenos
Elyvilon
Fedhas
Gozag
Hepliaklqana
Kikubaaqudgha
Makhleb
Nemelex Xobeh
Okawaru
Qazlal
Ru
Sif Muna
Trog
Uskayaw
Vehumet
Xom
Yredelemnul
Zin
The Shining One
Beogh
Lugonu

Shops:
D:4 *   Orc:2 ***:?[[(   Vaults:1 :   Depths:1 =*=:[   Depths:2 ==}
Depths:3 ?   Depths:5 [?

Portals:
Hell: Depths:1 Depths:2 Depths:3 Depths:4 Depths:5
Abyss: Depths:3 Depths:4
Pandemonium: Orc:2 Depths:3
Ziggurat: Depths:3
Trove: D:10 (give 4 potions of resistance)

Annotations:
D:10 3 runed doors
Lair:6 exclusion: oklob plant
Snake:2 exclusion: Roxanne, Roxanne
Snake:3 exclusion: oklob plant


Innate Abilities, Weirdness & Mutations

You reflexively headbutt those who attack you in melee.
You have a pair of horns on your head.
You are clumsy. (Dex -2)


Message History

You float gracefully downwards.
You hear a roar!
You hear a screech!
You hear a bark! x4
You hear a deafening roar!
A bolt of cold appears from out of thin air!
The bolt of cold misses your angel.
The iron giant gestures at you while chanting.
The iron shot hits you!
* * * LOW HITPOINT WARNING * * *
Edwin's ghost screams, "You must not succeed where I failed!"
Edwin's ghost mumbles some strange words.
Edwin's ghost blinks!
You have turned to stone.
The iron giant hits you but does no damage.
Your angel hits Edwin's ghost with a whip of holy wrath!
Edwin's ghost convulses.
Edwin's ghost is destroyed!
The Shining One accepts your kill.
Your life force feels restored.
The iron giant hits you but does no damage.
The iron giant hits you with a giant club!!!
You die...

##........#)..'.....#
#........')..#.....#
#........#####.....##
#........##.........#
#........##.........#
#........##.........##
#........###.........#
#.........##....A....##
##..####..##.@........#
#A.#.A#..##C......####
#.A#AA#..###......#
#..#AA#...##......#
#..#'##...##......#
#.........###.....#
##.........##.......
#.........##.......
#.........##


You could see an iron giant and a friendly angel.

Vanquished Creatures
  2 ancient liches
  3 juggernauts
  13 shard shrikes
  Saint Roka (Depths:5)
  Geryon (Hell)
  4 caustic shrikes
  the Enchantress (Depths:4)
  4 golden dragons
  4 bone dragons
  Nikola (Vaults:3)
  A Brimstone Fiend (Dis:7)
  3 iron giants
  The ghost of Arkorax the Warrior, an adept GrBe of Trog (Depths:1)
  4 tentacled monstrosities
  5 Ice Fiends
  5 liches
  A titan (Depths:3)
  A kraken (Abyss:3)
  2 quicksilver dragons
  3 tentacled starspawn
  9 ancient champions
  2 sphinxes
  3 Executioners
  An eldritch tentacle (Coc:1)
  3 shadow dragons
  2 storm dragons
  5 tengu reavers
  Donald (Orc:2)
  2 thorn hunters (Swamp:4)
  8 nagarajas
  A revenant (Abyss:2)
  9 fire giants
  3 iron dragons
  12 vault wardens
  3 ghouls
  A draconian knight (Depths:5)
  10 frost giants
  2 balrugs
  A juggernaut zombie (Hell)
  11 war gargoyles
  An elemental wellspring (Coc:6)
  3 spriggan defenders
  2 draconian annihilators (Depths:5)
  3 entropy weavers (Vaults:4)
  20 very ugly things
  28 reapers
  7 stone giants
  15 ironheart preservers
  4 vampire knights
  A deep elf annihilator (Depths:5)
  Nessos (Lair:6)
  A dire elephant (D:15)
  A lorocyproca (Hell)
  7 starcursed masses
  Snorg (Orc:2)
  9 spark wasps
  2 green deaths
  8 ettins
  4 blizzard demons
  9 fire dragons
  A merfolk impaler (Depths:1)
  3 deep elf death magi
  Josephine (Lair:4)
  4 great orbs of eyes
  A quicksilver dragon zombie (Coc:5)
  A fire dragon (shapeshifter) (Vaults:4)
  2 deep elf high priests (Depths:4)
  2 kraken zombies (Coc:7)
  20 yaktaur captains
  Erolcha (Orc:1)
  3 rakshasas
  A quicksilver dragon skeleton (Coc:1)
  12 vault guards
  Harold (Lair:2)
  25 hydras
  2 ghost crabs
  A merfolk avatar (Lair:6)
  28 naga warriors
  10 centaur warriors
  4 spriggan air magi
  7 death knights
  16 ice dragons
  3 hell beasts
  10 anacondas
  A death yak (Lair:6)
  8 alligators
  5 tengu warriors
  4 titan zombies
  5 hell hogs
  14 ogre magi
  9 deep troll shamans
  2 vampire magi (Depths:2)
  3 spriggan berserkers
  A shock serpent (shapeshifter) (Vaults:2)
  11 shock serpents
  4 deep elf knights
  17 deep troll earth magi
  5 thrashing horrors
  17 naga sharpshooters
  2 iron golems
  19 hell knights
  3 orc high priests (Orc:2)
  6 sun demons
  Nergalle (Lair:4)
  2 storm dragon zombies
  4 salamander mystics
  2 titan skeletons
  33 skeletal warriors
  3 soul eaters
  2 wretched stars
  2 shadow wraiths
  A fire crab (Abyss:3)
  4 iron trolls
  A golden dragon zombie (Dis:7)
  3 spriggan druids
  2 storm dragon skeletons
  A shadow demon (Dis:3)
  8 flayed ghosts
  2 glowing orange brains
  4 unseen horrors
  14 swamp dragons
  4 shambling mangroves
  3 anaconda zombies
  A gelid demonspawn (Orc:2)
  6 naga ritualists
  2 ghost moth zombies
  A torturous demonspawn (Orc:2)
  13 ironbrand convokers
  6 wizards
  2 tengu zombies
  8 harpies (Depths:5)
  4 deep elf archers (Vaults:4)
  34 deep trolls
  12 necromancers
  13 orc knights
  14 hill giants
  An orb spider (Abyss:3)
  2 iron dragon zombies
  11 mana vipers
  4 wolf spider zombies
  8 phantasmal warriors
  An anaconda skeleton (Coc:6)
  A manticore (shapeshifter) (D:13)
  7 frost giant zombies
  34 ugly things
  19 salamanders
  11 orc sorcerers
  3 fire giant zombies
  A shining eye (shapeshifter) (Depths:2)
  4 stone giant zombies
  2 shadow dragon skeletons
  2 wolf spiders
  12 cyclopes
  16 deep elf magi
  A faun (shapeshifter) (Vaults:4)
  A worldbinder (Abyss:2)
  34 black mambas
  20 rust devils
  4 manticores
  11 elephants (Lair:6)
  A sphinx skeleton (Vaults:4)
  12 vault sentinels
  An apocalypse crab (Abyss:3)
  2 fire giant skeletons
  A titan simulacrum (Hell)
  A stone giant skeleton (Vaults:4)
  An iron dragon skeleton (Coc:7)
  Maurice (D:13)
  2 ice statues
  17 naga magi
  3 centaur zombies
  5 guardian serpents
  3 frost giant skeletons
  2 shock serpent zombies
  A molten gargoyle (Hell)
  2 emperor scorpion zombies
  3 smoke demons
  A torpor snail (Lair:6)
  A purple draconian zombie (Coc:6)
  2 gargoyles
  25 spiny frogs
  A rime drake (shapeshifter) (Vaults:4)
  6 hellions
  80 yaktaurs
  7 rime drakes
  7 komodo dragons
  2 kobold demonologists (D:12)
  A demonic crawler (Abyss:1)
  7 ancient zymes
  2 dire elephant skeletons (Coc:7)
  A redback zombie (D:15)
  12 tormentors
  2 golden dragon simulacra
  22 ice devils
  3 hellwings
  4 harpy zombies
  26 freezing wraiths
  5 polar bears
  8 red devils
  3 anaconda simulacra
  2 jumping spiders (Vaults:4)
  A komodo dragon (shapeshifter) (Vaults:4)
  A merfolk (shapeshifter) (Depths:5)
  4 tengu conjurers
  6 hydra zombies
  2 trolls (shapeshifter)
  3 wind drakes (Lair:6)
  A meliai (shapeshifter) (Depths:2)
  8 trolls
  A shadow dragon simulacrum (Abyss:2)
  24 hornets
  4 human skeletons
  16 two-headed ogres
  A raiju (shapeshifter) (Depths:3)
  9 tyrant leeches
  65 slime creatures
  A deep troll zombie (Hell)
  An ettin zombie (Hell)
  10 blink frogs
  6 bog bodies
  Prince Ribbit (D:6)
  Grinder (D:3)
  A hydra skeleton (Coc:6)
  2 ice dragon zombies
  10 hippogriffs
  A frost giant simulacrum (Coc:7)
  An elf zombie (Hell)
  3 alligator zombies
  A fire dragon zombie (Hell)
  A fire giant simulacrum (Coc:7)
  A stone giant simulacrum (Vaults:4)
  A raiju (Abyss:2)
  An ettin skeleton (Coc:1)
  2 ice dragon skeletons
  14 flying skulls
  2 air elementals (Depths:3)
  6 shadows
  A black mamba zombie (Dis:1)
  10 spriggans
  5 redbacks (Vaults:4)
  3 alligator skeletons (Coc:1)
  A yak (shapeshifter) (Depths:3)
  9 wyverns
  5 ynoxinuls
  5 water elementals
  16 wraiths
  89 yaks
  2 fire elementals (Hell)
  Grum (D:11)
  2 hungry ghosts
  5 basilisks
  3 neqoxecs
  2 human simulacra
  4 mottled dragons
  23 vampire mosquitoes
  2 spatial vortices
  4 chaos spawn
  Menkaure (D:6)
  Edmund (D:6)
  A soldier ant (D:10)
  18 swamp worms
  62 nagas
  6 large abominations
  5 wargs
  9 insubstantial wisps
  A hydra simulacrum (Coc:1)
  11 water moccasins
  25 hell hounds
  12 porcupines
  5 spiny frog zombies
  5 floating eyes
  19 swamp drakes
  A black bear (D:6)
  A black bear (shapeshifter) (Depths:5)
  16 ice beasts
  2 swamp dragon zombies (Coc:1)
  2 eyes of draining
  56 orc warriors
  A snapping turtle zombie (Coc:1)
  2 manticore zombies
  3 sky beasts
  A necrophage (D:6)
  14 wolves
  5 boggarts
  An eye of draining (shapeshifter) (Vaults:3)
  25 centaurs
  9 small abominations
  3 phantoms
  47 ogres
  A manticore skeleton (Coc:5)
  15 crocodiles
  6 big kobolds
  10 bullfrogs
  A wyvern zombie (D:13)
  A wyvern skeleton (D:13)
  4 scorpions
  A scorpion (shapeshifter) (D:14)
  4 killer bees (D:7)
  A spriggan zombie (Dis:6)
  16 wights
  3 electric eels
  A howler monkey (D:5)
  A bullfrog zombie (D:13)
  14 crimson imps
  The ghost of Minion the Sneak, a weakling SpAs (D:6)
  10 hounds
  34 orc priests
  Crazy Yiuf (D:6)
  6 jellies
  2 quasits
  8 bullfrog skeletons
  27 iron imps
  23 orc wizards
  An iguana (D:10)
  4 centaur skeletons
  11 hell rats
  14 worker ants
  2 hound zombies
  6 mummies
  A killer bee simulacrum (D:9)
  18 adders
  7 shadow imps
  10 white imps
  4 ufetubi
  3 oozes
  4 adder skeletons
  A worm (D:10)
  2 dart slugs
  2 adder simulacra (D:9)
  4 leopard geckos
  103 orcs
  9 giant cockroaches
  16 goblins
  10 hobgoblins
  7 jackals
  5 quokkas
  6 bats
  6 frilled lizards
  A jackal simulacrum (D:9)
  A jackal skeleton (D:7)
  A jackal zombie (D:9)
  30 kobolds
  6 rats
  2 fungi (Lair:1)
  11 plants
  3 starspawn tentacles (Abyss:3)
  6 tentacles
2564 creatures vanquished.

Vanquished Creatures (collateral kills)
  The ghost of Edwin the Slayer, a legendary DrIE of Vehumet (Dis:7)
  A juggernaut (Depths:5)
  Bai Suzhen (Swamp:2)
  A bone dragon (Coc:1)
  A tentacled monstrosity (Swamp:3)
  3 iron giants (Dis:7)
  A Hell Sentinel (Dis:7)
  2 Ice Fiends
  Frances (D:13)
  A tentacled starspawn (Abyss:2)
  A sphinx (Depths:5)
  A nagaraja (Snake:4)
  2 iron dragons (Dis:7)
  A fire giant (Depths:2)
  2 frost giants
  A vault warden (Vaults:2)
  An orc warlord (Orc:2)
  A curse skull (Hell)
  A deep elf elementalist (Depths:5)
  8 reapers
  An ironheart preserver (Vaults:1)
  An elemental wellspring (Coc:7)
  A spriggan defender (Depths:4)
  8 war gargoyles
  2 very ugly things (Depths:1)
  A spark wasp (Depths:4)
  4 blizzard demons
  A quicksilver dragon zombie (Dis:6)
  A yaktaur captain (D:14)
  A fire dragon (Depths:2)
  A naga warrior (Snake:4)
  4 rakshasas
  4 hell beasts (Hell)
  2 hydras
  A spriggan air mage (Depths:3)
  5 ice dragons
  A vault guard (Vaults:1)
  A deep troll shaman (Depths:4)
  An ogre mage (Vaults:4)
  2 death knights
  A deep troll earth mage (Depths:4)
  11 hell hogs
  3 naga sharpshooters (Snake:4)
  A titan zombie (Dis:1)
  A shock serpent (Lair:4)
  An iron golem (Dis:1)
  5 iron trolls (Dis:7)
  A sixfirhy (Abyss:1)
  4 hell knights
  13 skeletal warriors
  4 anaconda zombies
  2 storm dragon skeletons
  3 golden dragon zombies
  A swamp dragon (Swamp:4)
  A quicksilver dragon simulacrum (Coc:5)
  An unseen horror (shapeshifter) (Depths:4)
  A wizard (Depths:2)
  A naga ritualist (Snake:4)
  A shambling mangrove (Swamp:3)
  An anaconda skeleton (Coc:4)
  An ironbrand convoker (Vaults:3)
  6 deep trolls
  2 deep elf archers (Vaults:1)
  A phantasmal warrior (D:12)
  3 orc knights
  2 necromancers (Hell)
  A deep elf mage (D:14)
  An iron dragon zombie (Dis:4)
  2 stone giant zombies
  2 shadow dragon skeletons (Coc:4)
  A frost giant zombie (Coc:1)
  3 ugly things
  3 large abominations
  A fire giant zombie (Hell)
  3 orc sorcerers (Orc:2)
  An elephant (Lair:6)
  An iron dragon skeleton (Coc:5)
  A guardian serpent (Snake:4)
  4 rust devils
  An apocalypse crab (Abyss:2)
  A smoke demon (Hell)
  A frost giant skeleton (Coc:1)
  A molten gargoyle (Hell)
  2 hellions
  5 tormentors
  20 ice devils
  An emperor scorpion zombie (Coc:7)
  4 yaktaurs
  A tengu conjurer (Depths:2)
  A red devil (Hell)
  7 freezing wraiths
  A hellwing (Orc:2)
  4 hydra zombies
  A hornet (Abyss:3)
  A shadow dragon simulacrum (Vaults:3)
  4 slime creatures
  3 hydra skeletons
  3 ettin zombies
  An alligator zombie (Coc:2)
  3 fire dragon zombies
  18 flying skulls
  An alligator skeleton (Hell)
  A wraith (Coc:1)
  2 shadows
  A spriggan (shapeshifter) (Depths:4)
  5 water elementals
  3 fire elementals (Hell)
  4 nagas (Snake:4)
  A soldier ant (Orc:2)
  A small abomination (Abyss:3)
  A swamp worm (Swamp:4)
  A hydra simulacrum (Coc:1)
  3 spiny frog zombies
  7 hell hounds
  3 ice beasts
  4 orc warriors
  A spiny frog skeleton (Hell)
  A necrophage (Coc:2)
  A phantom (Coc:1)
  2 manticore zombies
  5 wights
  4 iron imps
  An orc wizard (Orc:2)
  6 white imps
  An orc (Orc:2)
  4 plants (Depths:1)
  A tentacle (Coc:7)
320 creatures vanquished.

Vanquished Creatures (others)
  A Hell Sentinel (Dis:7)
  3 eldritch tentacles
  A catoblepas (D:14)
  A hell hog (Dis:5)
  2 skeletal warriors (Dis:7)
  An iron troll (Dis:7)
  A deep elf mage (Vaults:1)
  A hellion (Hell)
  A hornet (Swamp:4)
  A hungry ghost (D:14)
  A hell hound (Dis:6)
  A phantom (Dis:4)
  2 iron imps (Dis:7)
  A shadow imp (D:14)
  A white imp (Coc:6)
  An orc (Vaults:1)
  9 fungi
  A lurking horror (Abyss:2)
  26 plants
  7 starspawn tentacles
  9 tentacles
72 creatures vanquished.

Grand Total: 2956 creatures vanquished

Notes
Turn   | Place    | Note
-------+----------+-------------------------------------------
     0 | D:1      | Minion the Minotaur Fighter began the quest for the Orb.
     0 | D:1      | Reached XP level 1. HP: 19/19 MP: 0/0
   174 | D:1      | Reached XP level 2. HP: 11/27 MP: 1/1
   812 | D:2      | Reached XP level 3. HP: 33/33 MP: 2/2
  1246 | D:2      | Reached XP level 4. HP: 40/41 MP: 3/3
  1610 | D:3      | Noticed Grinder
  1611 | D:3      | Paralysed by Grinder for 7 turns
  1624 | D:3      | Paralysed by Grinder for 5 turns
  1630 | D:3      | Paralysed by Grinder for 6 turns
  2378 | D:3      | Killed Grinder
  2378 | D:3      | Reached skill level 5 in Fighting
  2378 | D:3      | Reached skill level 5 in Axes
  2378 | D:3      | Reached skill level 5 in Armour
  2378 | D:3      | Reached XP level 5. HP: 43/48 MP: 4/4
  2378 | D:3      | Reached XP level 6. HP: 50/56 MP: 5/5
  2741 | D:4      | Found Ecyc's Assorted Antiques.
  2996 | D:4      | Found a staircase to the Ecumenical Temple.
  3004 | Temple   | Entered the Ecumenical Temple
  3482 | D:4      | Reached skill level 1 in Dodging
  3498 | D:4      | Reached XP level 7. HP: 58/61 MP: 6/6
  3910 | D:4      | Found a white marble altar of Elyvilon.
  4066 | D:5      | Entered Level 5 of the Dungeon
  4574 | D:5      | Found a shattered altar of Ashenzari.
  4575 | D:5      | Found a glowing golden altar of the Shining One.
  4582 | D:5      | Became a worshipper of the Shining One
  4649 | D:5      | Reached XP level 8. HP: 46/70 MP: 7/7
  5365 | D:5      | Found a blossoming altar of Fedhas.
  5604 | D:6      | Noticed Prince Ribbit
  5612 | D:6      | Killed Prince Ribbit
  5973 | D:6      | Noticed Menkaure
  5978 | D:6      | Reached XP level 9. HP: 65/79 MP: 8/8
  5979 | D:6      | Killed Menkaure
  6297 | D:6      | Noticed Edmund
  6305 | D:6      | Killed Edmund
  6461 | D:6      | Noticed Minion's ghost (weakling SpAs)
  6468 | D:6      | Killed Minion's ghost
  6514 | D:6      | Reached skill level 10 in Axes
  6563 | D:6      | Found a runed door.
  6567 | D:6      | Noticed Crazy Yiuf
  6573 | D:6      | Killed Crazy Yiuf
  6626 | D:7      | Reached * piety under the Shining One
  6688 | D:7      | Reached skill level 5 in Dodging
  8230 | D:8      | Reached XP level 10. HP: 78/90 MP: 9/9
  8340 | D:8      | Found an iron altar of Okawaru.
  8373 | D:8      | Identified the Grimoire of Damaging Displacement
  8461 | D:8      | Found a basalt altar of Yredelemnul.
  8467 | D:8      | Found a hide-covered altar of Uskayaw.
  8467 | D:8      | Found a snail-covered altar of Cheibriados.
  8477 | D:8      | Found an opulent altar of Gozag.
  8479 | D:8      | Found a hazy altar of Hepliaklqana.
  8720 | D:9      | Reached ** piety under the Shining One
  8993 | D:9      | Found a staircase to the Lair.
  9047 | D:9      | Reached skill level 1 in Invocations
  9480 | D:9      | Reached *** piety under the Shining One
  9646 | Lair:1   | Entered Level 1 of the Lair of Beasts
 10050 | Lair:1   | Reached skill level 10 in Armour
 10557 | Lair:1   | Noticed a spiny frog
 10558 | Lair:1   | Noticed a spiny frog
 10560 | Lair:1   | Reached XP level 11. HP: 86/99 MP: 12/12
 10925 | Lair:1   | Reached skill level 10 in Fighting
 12675 | Lair:2   | Noticed Harold
 12687 | Lair:2   | Killed Harold
 13254 | Lair:3   | Noticed a four-headed hydra
 14203 | Lair:3   | Found a staircase to the Swamp.
 14730 | Lair:4   | Noticed Nergalle
 14739 | Lair:4   | Killed Nergalle
 14850 | Lair:4   | Reached XP level 12. HP: 102/108 MP: 14/14
 14854 | Lair:4   | Noticed Josephine
 14860 | Lair:4   | Reached **** piety under the Shining One
 14860 | Lair:4   | Reached skill level 5 in Invocations
 14867 | Lair:4   | Killed Josephine
 15624 | Lair:4   | Identified 2 scrolls of acquirement
 15625 | Lair:4   | Got a warped cloak
 15636 | Lair:4   | Identified the +2 cloak of the Sailor {rPois Str-5 Int+7 Slay+6} (You acquired it on level 4 of the Lair of Beasts)
 15825 | Lair:4   | Found a staircase to the Snake Pit.
 16283 | Lair:5   | Reached skill level 15 in Axes
 16679 | Lair:6   | Entered Level 6 of the Lair of Beasts
 17415 | Lair:6   | Reached XP level 13. HP: 117/117 MP: 16/16
 17529 | Lair:6   | Noticed Nessos
 17551 | Lair:6   | Killed Nessos
 17551 | Lair:6   | Reached skill level 10 in Dodging
 17842 | Lair:6   | Found a staircase to the Slime Pits.
 18040 | Lair:6   | Reached ***** piety under the Shining One
 19720 | Lair:3   | Reached XP level 14. HP: 115/127 MP: 17/19
 20143 | D:9      | Found a staircase to the Orcish Mines.
 20156 | Orc:1    | Entered Level 1 of the Orcish Mines
 20251 | Orc:1    | Noticed Erolcha
 20277 | Orc:1    | Killed Erolcha
 20839 | Orc:2    | Entered Level 2 of the Orcish Mines
 20890 | Orc:2    | Found Lecwouz's Assorted Antiques.
 20986 | Orc:2    | Noticed an orc warlord
 21002 | Orc:2    | Killed an orc warlord
 21008 | Orc:2    | Noticed Sonja
 21136 | Orc:2    | Noticed Sonja
 21136 | Orc:2    | Sonja changed into Sonja the soldier ant
 21138 | Orc:2    | Killed Sonja the soldier ant
 21536 | Orc:2    | Found Zonnudap's General Store.
 21564 | Orc:2    | Found Oraosaar's Magic Scroll Emporium.
 21675 | Orc:2    | Bought a scroll of blinking for 97 gold pieces
 21675 | Orc:2    | Bought a scroll of blinking for 97 gold pieces
 21996 | Orc:2    | Paralysed by an orc sorcerer for 6 turns
 22447 | Orc:2    | Found Hoeskone's Antique Armour Shop.
 22447 | Orc:2    | Found Ipsafaap's Book Boutique.
 22447 | Orc:2    | Found a one-way gate leading to the halls of Pandemonium.
 22562 | Orc:2    | Found a staircase to the Elven Halls.
 22566 | Orc:2    | Found a roughly hewn altar of Beogh.
 22614 | Orc:2    | Found Yhuix Ythawn's Weapon Shop.
 22625 | Orc:2    | Found Lemidaon's Armour Shop.
 22676 | Orc:2    | Noticed Donald
 22688 | Orc:2    | Killed Donald
 22833 | Orc:2    | Found Keapucs's General Store.
 22844 | Orc:2    | Noticed Snorg
 22853 | Orc:2    | Killed Snorg
 23199 | D:10     | Entered Level 10 of the Dungeon
 23281 | D:10     | Found a runed door.
 23289 | D:10     | Found a runed door.
 23362 | D:10     | Found a runed door.
 23372 | D:10     | Found a runed door.
 23434 | D:10     | Found a portal to a secret trove of treasure.
 23969 | D:11     | Noticed Grum
 23979 | D:11     | Killed Grum
 24448 | D:11     | Reached XP level 15. HP: 125/137 MP: 20/20
 25228 | D:12     | Found a runed door.
 25534 | D:12     | Reached ****** piety under the Shining One
 26177 | D:12     | Noticed a sphinx
 26194 | D:12     | Killed a sphinx
 26217 | D:12     | Got a faintly humming scale mail
 26220 | D:12     | Got a crude ring mail
 26232 | D:12     | Identified the +6 scale mail "Ishafomu" {Int+4} (You found it on level 12 of the Dungeon)
 26242 | D:12     | Identified the +2 ring mail of Hadjma {+Fly rC++ rCorr Stlth+} (You found it on level 12 of the Dungeon)
 26393 | D:13     | Noticed Maurice
 26401 | D:13     | Killed Maurice
 26632 | D:13     | Noticed Frances
 26646 | D:13     | Killed Frances
 27765 | D:14     | Reached skill level 10 in Invocations
 27960 | D:14     | Found a gate to the Vaults.
 28604 | D:15     | Entered Level 15 of the Dungeon
 28618 | D:15     | Found a shattered altar of Ashenzari.
 29060 | D:15     | Found a staircase to the Depths.
 29344 | D:15     | Reached XP level 16. HP: 147/147 MP: 22/22
 30025 | Swamp:1  | Entered Level 1 of the Swamp
 32647 | Swamp:2  | Reached skill level 15 in Fighting
 33075 | Swamp:3  | Noticed a tentacled monstrosity
 33093 | Swamp:3  | Killed a tentacled monstrosity
 33104 | Swamp:3  | Noticed Bai Suzhen
 33350 | Swamp:2  | Killed Bai Suzhen
 34138 | Swamp:3  | Reached skill level 15 in Armour
 34578 | Swamp:4  | Entered Level 4 of the Swamp
 34578 | Swamp:4  | Noticed a thorn hunter
 34585 | Swamp:4  | Killed a thorn hunter
 35170 | Swamp:4  | Noticed a thorn hunter
 35187 | Swamp:4  | Killed a thorn hunter
 35191 | Swamp:4  | Reached XP level 17. HP: 78/156 MP: 24/24
 36853 | Swamp:4  | Got a decaying rune of Zot
 37250 | Snake:1  | Entered Level 1 of the Snake Pit
 39275 | Snake:2  | Noticed Roxanne
 41354 | Snake:3  | Reached XP level 18. HP: 115/166 MP: 26/26
 42777 | Snake:4  | Entered Level 4 of the Snake Pit
 43702 | Snake:4  | Reached skill level 15 in Dodging
 44879 | Snake:4  | Got a smoking executioner's axe {holy}
 44881 | Snake:4  | Identified the +4 executioner's axe of Youthful Indiscretion {holy, MR+} (You took it off a naga ritualist on level 4 of the Snake Pit)
 46375 | Snake:4  | Got a serpentine rune of Zot
 46472 | Snake:3  | Reached XP level 19. HP: 172/177 MP: 27/27
 46882 | Depths:1 | Entered Level 1 of the Depths
 47938 | Vaults:1 | Entered Level 1 of the Vaults
 48907 | Vaults:1 | You fall through a shaft!
 50532 | Vaults:1 | Got a heavily runed cloak
 50543 | Vaults:1 | Identified the +1 cloak "Kyluirch" {rPois rF- Str+2 Int+3} (You found it on level 1 of the Vaults)
 50998 | Vaults:1 | Found Lucoluet's Book Shop.
 52440 | Vaults:2 | Reached XP level 20. HP: 136/187 MP: 28/28
 55476 | Vaults:3 | Noticed Nikola
 55490 | Vaults:3 | Killed Nikola
 55555 | Vaults:3 | Found a staircase to the Crypt.
 57484 | Vaults:4 | Reached XP level 21. HP: 69/196 MP: 25/29
 57850 | Vaults:4 | Noticed an ancient lich
 57856 | Vaults:4 | Killed an ancient lich
 59598 | Depths:1 | Noticed Arkorax's ghost (adept GrBe)
 59620 | Depths:1 | Killed Arkorax's ghost
 59935 | Depths:1 | Found Faelle's Jewellery Shop.
 59935 | Depths:1 | Found Pozuf's General Store.
 59936 | Depths:1 | Found Exoeleen's Jewellery Boutique.
 59938 | Depths:1 | Found Viyx's Armour Shop.
 59961 | Depths:1 | Found Hiohuq's Book Emporium.
 59975 | Depths:1 | Bought the +7 plate armour "Rautam" {rC++ Regen+ Stlth-} for 1784 gold pieces
 60085 | Depths:1 | Bought a +1 pair of boots of running for 584 gold pieces
 60982 | Depths:1 | Found a gateway to Hell.
 61444 | Depths:2 | Paralysed by a floating eye for 4 turns
 61548 | Depths:2 | Gained mutation: You are clumsy. (Dex -2) [a shining eye]
 61577 | Depths:2 | Reached XP level 22. HP: 144/207 MP: 30/30
 61779 | Depths:2 | Found Murph's Jewellery Boutique.
 61780 | Depths:2 | Found Viogiw's Gadget Shoppe.
 61782 | Depths:2 | Found Dokon's Jewellery Boutique.
 61796 | Depths:2 | Bought the ring "Bozalak" {rElec rF+ rC+} for 966 gold pieces
 62271 | Hell     | Entered the Vestibule of Hell
 62271 | Hell     | Noticed Geryon
 62278 | Hell     | Killed Geryon
 62431 | Hell     | Found a gateway to the freezing wastes of Cocytus.
 62519 | Hell     | Found a gateway to the decaying netherworld of Tartarus.
 62624 | Hell     | Found a gateway to the ashen valley of Gehenna.
 62762 | Hell     | Found a gateway to the Iron City of Dis.
 62984 | Coc:1    | Entered Level 1 of Cocytus
 63005 | Coc:1    | Noticed a shard shrike
 63013 | Coc:1    | Killed a shard shrike
 63288 | Coc:1    | Noticed a shard shrike
 63292 | Coc:1    | Killed a shard shrike
 63490 | Coc:1    | Noticed a shard shrike
 63498 | Coc:1    | Killed a shard shrike
 64029 | Coc:1    | Reached skill level 27 in Axes
 64197 | Coc:5    | Noticed a shard shrike
 64197 | Coc:5    | Noticed a shard shrike
 64197 | Coc:5    | Noticed a shard shrike
 64197 | Coc:5    | Noticed a shard shrike
 64207 | Coc:5    | Killed a shard shrike
 64207 | Coc:5    | Reached XP level 23. HP: 133/217 MP: 9/31
 64210 | Coc:5    | Killed a shard shrike
 64217 | Coc:5    | Killed a shard shrike
 64221 | Coc:5    | Killed a shard shrike
 64346 | Coc:5    | Noticed a shard shrike
 64347 | Coc:5    | Noticed a shard shrike
 64347 | Coc:5    | Noticed a shard shrike
 64348 | Coc:5    | Noticed a shard shrike
 64349 | Coc:5    | Killed a shard shrike
 64352 | Coc:5    | Killed a shard shrike
 64353 | Coc:5    | Killed a shard shrike
 64358 | Coc:5    | Killed a shard shrike
 64622 | Coc:6    | Noticed a shard shrike
 64631 | Coc:6    | Killed a shard shrike
 64669 | Coc:7    | Entered Level 7 of Cocytus
 65215 | Coc:7    | Noticed a shard shrike
 65221 | Coc:7    | Killed a shard shrike
 65782 | Depths:3 | Found a corrupted altar of Lugonu.
 65886 | Depths:3 | Found a one-way gate to the infinite horrors of the Abyss.
 66006 | Depths:3 | Noticed a juggernaut
 66028 | Depths:3 | Killed a juggernaut
 66028 | Depths:3 | Reached XP level 24. HP: 154/231 MP: 25/31
 66257 | Depths:3 | Found Tezxam's Magic Scroll Shop.
 66359 | Depths:3 | Found a gateway to a ziggurat.
 66563 | Depths:3 | Voluntarily entered the Abyss.
 67356 | Abyss:2  | Paralysed by an apocalypse crab for 2 turns
 67806 | Abyss:3  | Got an abyssal rune of Zot
 68004 | Depths:3 | Escaped the Abyss
 68089 | Depths:4 | Noticed the Enchantress
 68109 | Depths:4 | Killed the Enchantress
 68840 | Depths:4 | Reached XP level 25. HP: 204/243 MP: 25/32
 69547 | Depths:5 | Entered Level 5 of the Depths
 69566 | Depths:5 | Noticed an ancient lich
 69567 | Depths:5 | Noticed a juggernaut
 69570 | Depths:5 | Killed an ancient lich
 69570 | Depths:5 | Reached skill level 15 in Invocations
 69582 | Depths:5 | Killed a juggernaut
 69807 | Depths:5 | Noticed Saint Roka
 69822 | Depths:5 | Killed Saint Roka
 69839 | Depths:5 | Got a wavering pewter ring
 69916 | Depths:5 | Identified the ring of Midwinter {Int+2 Dex+2} (You took it off an orc on level 5 of the Depths)
 69990 | Depths:5 | Found a gate to the Realm of Zot.
 70149 | Depths:5 | Noticed a juggernaut
 70156 | Depths:5 | Killed a juggernaut
 70185 | Depths:5 | Found Koobuol's Magic Scroll Shoppe.
 70246 | Depths:5 | Noticed a juggernaut
 70254 | Depths:5 | Killed a juggernaut
 70276 | Depths:5 | Got a fine iron ring
 70425 | Depths:5 | Identified the ring "Okizxass" {*Slow rF+ Int+4} (You found it on level 5 of the Depths)
 70481 | Depths:5 | Learned a level 9 spell: Shatter
 70500 | Depths:5 | Found Giruos's Antique Armour Boutique.
 70544 | Depths:5 | Got a warped lapis lazuli ring
 70546 | Depths:5 | Identified the ring of Mokiffits {MR++ Int+5} (You found it on level 5 of the Depths)
 70592 | Depths:5 | Learned a level 9 spell: Tornado
 70837 | Dis:1    | Entered Level 1 of the Iron City of Dis
 70997 | Dis:1    | Reached XP level 26. HP: 254/254 MP: 33/33
 72479 | Dis:7    | Entered Level 7 of the Iron City of Dis
 73039 | Dis:7    | Reached skill level 27 in Fighting
 73129 | Dis:7    | Got a glittering granite ring
 73136 | Dis:7    | Identified the ring of Tender Moments {Wiz rPois} (You found it on level 7 of the Iron City of Dis)
 73162 | Dis:7    | Noticed Edwin's ghost (legendary DrIE)
 73180 | Dis:7    | HP: 1/262 [iron giant/iron shot (38)]
 73182 | Dis:7    | Killed Edwin's ghost
 73183 | Dis:7    | Demolished by an iron giant

Vault maps used:
D:1:      minmay_arrival_checkered_box, nrook_uturn, minmay_stone_trees_small,
          minmay_misc_feat_encased
D:2:      kennysheep_the_goblin_king, serial_corexii_hall,
          corexii_hall_statues_i, corexii_hall_statues_u
D:3:      first_bread, uniq_grinder
D:4:      lemuel_crystal_altar, serial_shops, shop_statue, grunt_ministairs_6
D:5:      gammafunk_temple_overflow_pools, corexii_item_surrounded_by_moat,
          fedhas_altar_4
D:6:      wad_crossroads, uniq_menkaure, uniq_prince_ribbit1, uniq_edmund,
          uniq_crazy_yiuf_cottage
D:8:      okawaru_gym_becter, minmay_overflow_temple_star_hex
D:9:      lair_0_dummy, orc_0_dummy, serial_ice, serial_ice_a, serial_ice_f,
          serial_ice_j, serial_ice_o
D:10:     nicolae_trove_entry_free_sample, hangedman_pestilent_swarm,
          minmay_statue_crystal_thing
D:11:     minmay_crystal_water, uniq_grum
D:12:     grunt_ministairs_15, minivault_16, minmay_st_funbox
D:13:     uniq_maurice, uniq_frances
D:14:     david_vaults_2, dk_noncrumbling_2, grunt_ministairs_9,
          columned_hall_lemuel, lemuel_flamethrower_2
D:15:     hangedman_depths_entry_try_elsewhere_first, minmay_stone_trees_medium,
          grunt_ministairs_5, ashenzari_altar_1
Temple:   minmay_temple_forest_path
Lair:1:   grunt_megastairs_3
Lair:2:   statuecave_lemuel, cheibrodos_lair_caveside_slide, uniq_harold
Lair:3:   minmay_swamp_entry_worms, portal_ice_cave_entry_pillars_1
Lair:4:   minmay_snake_entry_guardpost_small, grunt_megastairs_4,
          serial_bayou_shore_b, uniq_nergalle, uniq_josephine
Lair:5:   grunt_megastairs_5
Lair:6:   gammafunk_lair_ancient_temple, nicolae_slime_entry_slimehenge,
          uniq_nessos
Swamp:1:  evilmike_swamp_ruin_house_5
Swamp:2:  evilmike_swamp_ruin_house_6, swamp_pool5
Swamp:3:  evilmike_swamp_ruin_house_4, uniq_bai_suzhen
Swamp:4:  swamp
Snake:1:  nicolae_snake_nest
Snake:2:  uniq_roxanne
Snake:3:  dpeg_oklob_gauntlet
Snake:4:  grunt_snake_rune_spirals, lemuel_fruit_tree, serial_bayou_shore_b
Orc:1:    uniq_erolcha
Orc:2:    pf_orc_diabolical, serial_shops, shop, shop_statue, shop_fountains,
          nicolae_shop_behind_doors, basic_altar, uniq_sonja, uniq_donald,
          uniq_snorg
Vaults:1: nicolae_vaults_circle_grid_a, nicolae_vaults_diagonal_hallway_7,
          v_misc_9, nicolae_vaults_network_square, ontoclasm_vaults_gateway,
          grunt_vaults_diagonal, v_misc_14, v_misc_18, v_misc_3,
          nicolae_vaults_mini_display_case, v_alt_pattern_1, vaults_mumra_hex,
          serial_shops, shop
Vaults:2: v_misc_16, nicolae_vaults_network_periphery, grunt_vaults_focal,
          nicolae_vaults_diagonal_hallway_8, nicolae_vaults_theta,
          vaults_mumra_lcd, v_alt_pattern_4, ontoclasm_vaults_loading_screen,
          vaults_dpeg_diagonal, ontoclasm_vaults_chip, v_rooms_2
Vaults:3: nicolae_vaults_network_s, vaults_dpeg_encased_lava,
          ontoclasm_vaults_eye, blue_anna_dwarven_crypt, v_misc_24,
          nicolae_vaults_quadrants, nicolae_vaults_little_squares_6,
          v_alt_pattern_4, v_misc_22, v_alt_pattern_3, v_alt_pattern_2,
          hangedman_vaults_trim, uniq_nikola
Vaults:4: nicolae_vaults_murderbox, v_misc_24, v_misc_3, ontoclasm_vaults_fault,
          nicolae_vaults_circle_grid_b, ontoclasm_vaults_hangar,
          nicolae_vaults_network_star, v_misc_19,
          ontoclasm_vaults_claustrophobia, hangedman_vaults_stitches,
          ontoclasm_vaults_spin, nicolae_vaults_asterisk, hangedman_vaults_snaps
Depths:1: serial_bayou_lagoon_a, hellmouth_1, serial_shops, shop,
          kennysheep_generic_room_11, minmay_shoptagon
Depths:2: minmay_distorted_concentric_squares, pf_hell_entry_tar_spiral,
          minmay_misc_feat_cross, onia_ninara_cookie, minmay_shop_grove,
          minmay_staircase_statues_hall_small
Depths:3: hangedman_cross_veins, enter_ziggurat_b, hell_entry,
          rand_demon_pan_entry_3, serial_shops, nicolae_shop_behind_doors,
          abyss_entry, tgw_lugonu_bribe
Depths:4: evilmike_diamond_2, grunt_hell_entry_dis_grunt, abyss_entry_crystal,
          hangedman_decor_diamond_cutter, serial_bayou_shore_b, uniq_enchantress
Depths:5: hangedman_spin_cycle, hell_entry
Dis:1:    hangedman_dis_decor_blocks_crown
Dis:4:    hangedman_dis_decor_tower, hangedman_dis_decor_blocks_talon
Dis:7:    dis_grunt_layers
Coc:7:    coc_mu
Abyss:3:  grunt_abyss_rune_wretched_hive, evilmike_abyss_exit_16

Skill      XL: |  1  2  3  4  5  6  7  8  9 10 11 12 13 14 15 16 17 18 19 20 21 22 23 24 25 26 |
---------------+-------------------------------------------------------------------------------+-----
Axes           | 3 4 5 6 7 9 11 12 14 15 17 18 19 20 21 22 23 25 26 27 | 27.0
Fighting       | 4 5 6 7 8 9 10 11 12 13 14 15 16 17 18 19 20 21 23 24 27 | 27.0
Armour         | 4 5 6 7 9 10 11 12 13 14 15 16 17 18 19 20 22 23 24 | 24.3
Dodging        | 1 2 4 5 7 8 9 10 12 13 14 15 16 17 18 20 21 22 | 22.7
Invocations    | 2 4 6 8 9 10 11 12 13 14 15 16 | 16.0
Shields        | |  3.6

Action                   |  1- 3 |  4- 6 |  7- 9 | 10-12 | 13-15 | 16-18 | 19-21 | 22-24 | 25-27 || total
-------------------------+-------+-------+-------+-------+-------+-------+-------+-------+-------++-------
Melee: War axe           |    77 |    33 |       |   109 |   636 |       |       |       |       ||   855
       Headbutt          |     9 |    16 |    45 |    84 |   237 |   307 |   323 |   282 |   194 ||  1497
       Battleaxe         |       |    67 |   265 |   351 |   317 |   980 |       |       |       ||  1980
       Dire flail        |       |       |       |       |    23 |       |       |       |       ||    23
       Hand axe          |       |       |       |       |    13 |   174 |       |       |       ||   187
       Executioner's axe |       |       |       |       |       |   120 |  1125 |  1061 |   728 ||  3034
       Unarmed           |       |       |       |       |       |       |       |    10 |       ||    10
Invok: Divine Shield     |       |       |       |     1 |     4 |     2 |     1 |    12 |     8 ||    28
       Summon Divine War |       |       |       |       |    10 |    10 |    15 |    61 |    38 ||   134
       Cleansing Flame   |       |       |       |       |     3 |     1 |     3 |       |     2 ||     9
Evoke: Wand              |       |       |       |     4 |     2 |       |       |     4 |       ||    10
  Use: Scroll            |       |       |       |    18 |    14 |     7 |    10 |     8 |     4 ||    61
       Potion            |       |       |       |     3 |    13 |     2 |     2 |     7 |       ||    27
  Eat: Chunk             |     1 |     6 |    23 |    36 |    32 |     8 |    35 |    25 |     6 ||   172
       Fruit             |       |       |     6 |       |       |    26 |     2 |     1 |       ||    35
       Pizza             |       |       |     1 |       |     1 |     1 |       |     1 |     2 ||     6
       Royal jelly       |       |       |       |       |       |    11 |     1 |       |       ||    12
       Meat ration       |       |       |       |       |       |     1 |     2 |     2 |     1 ||     6
       Beef jerky        |       |       |       |       |       |       |     1 |       |     1 ||     2
       Bread ration      |       |       |       |       |       |       |       |     2 |       ||     2
Armor: Scale mail        |    46 |    54 |   104 |   135 |    78 |   484 |   247 |       |       ||  1148
       Skin              |       |       |       |    42 |     7 |       |       |       |       ||    49
       Plate armour      |       |       |       |     1 |   272 |       |    62 |   546 |   319 ||  1200
       Chain mail        |       |       |       |       |    90 |       |       |       |       ||    90
Dodge: Dodged            |    44 |    70 |   147 |   244 |   490 |   890 |   752 |   641 |   391 ||  3669
Block: Other             |       |       |       |     8 |    10 |    19 |     3 |    61 |    39 ||   140
